[ AOE2 MATCH · #507258831 ]
UnrankedWu vs Burgundians
Player's team · WIN
[ REPLAY ANALYSIS · EXTRACTED FROM THE RECORDED GAME ]
Feudal
9:15
Castle
20:57
Imperial
—
| APM avg | 71.3 |
| APM peak | 105 |
| eAPM avg | 27.3 |
| Villagers / military | 58 / 41 |
Focus
⚔️ 42.0% · 🌾 58.0%
Archer ×25 · Unknown (1974) ×10 · Spearman ×9 · Militia ×4 · Monk ×3
Feudal
9:18
Castle
23:17
Imperial
—
| APM avg | 40.6 |
| APM peak | 73 |
| eAPM avg | 22.3 |
| Villagers / military | 54 / 53 |
Focus
⚔️ 41.4% · 🌾 58.6%
Knight ×29 · Skirmisher ×13 · Archer ×8 · Scout Cavalry ×3
Match map
Initial resources + every placement click. Lines = walls · curves = elevation contours. ◆ gold · ⬟ stone · ● berries · ✦ relic · ◌ wall gap
Your base· ✓ Closed at 20:57 · 42t walls · no gate
nC_Future's base· ✓ Closed at 23:17 · 27t walls · 1 gate(s)
Smoothed initial terrain · ◌ = detected wall gap · hover for details
Inputs per minute
— Pirate - - nC_Future
Build order — Pirate
First 150 of 202 actions detected
| 0:00 | Queue | Villager (Male) |
| 0:00 | Queue | Villager (Male) |
| 0:01 | Build | House |
| 0:02 | Queue | Villager (Male) |
| 0:03 | Build | House |
| 0:05 | Build | House |
| 0:12 | Queue | Villager (Male) |
| 1:28 | Queue | Villager (Male) |
| 1:51 | Build | Lumber Camp |
| 1:52 | Queue | Villager (Male) |
| 2:09 | Queue | Villager (Male) |
| 2:42 | Queue | Villager (Male) |
| 3:02 | Queue | Villager (Male) |
| 3:41 | Queue | Villager (Male) |
| 3:45 | Queue | Villager (Male) |
| 4:27 | Queue | Villager (Male) |
| 4:27 | Queue | Villager (Male) |
| 4:28 | Queue | Villager (Male) |
| 5:04 | Build | Barracks |
| 5:10 | Queue | Villager (Male) |
| 5:33 | Queue | Villager (Male) |
| 5:50 | Build | House |
| 5:57 | Queue | Villager (Male) |
| 6:15 | Research | Loom |
| 6:42 | Build | Mining Camp |
| 6:59 | Research | Feudal Age |
| 7:00 | Queue | Militia |
| 7:13 | Queue | Militia |
| 7:34 | Queue | Militia |
| 8:10 | Build | House |
| 8:24 | Queue | Villager (Male) |
| 9:15 | Age | Feudal Age |
| 9:16 | Research | Man-at-Arms (upgrade) |
| 9:19 | Build | Archery Range |
| 9:29 | Queue | Spearman |
| 9:40 | Queue | Villager (Male) |
| 9:42 | Build | Mill |
| 10:11 | Queue | Villager (Male) |
| 10:17 | Build | Farm |
| 10:18 | Build | Farm |
| 10:22 | Queue | Archer |
| 10:28 | Queue | Villager (Male) |
| 10:31 | Build | House |
| 10:33 | Build | House |
| 10:38 | Queue | Archer |
| 10:39 | Queue | Villager (Male) |
| 10:46 | Build | Farm |
| 10:51 | Queue | Spearman |
| 10:56 | Queue | Archer |
| 10:59 | Queue | Spearman |
| 11:05 | Build | House |
| 11:34 | Queue | Archer |
| 11:34 | Queue | Villager (Male) |
| 12:03 | Queue | Archer |
| 12:03 | Queue | Villager (Male) |
| 12:17 | Queue | Archer |
| 12:19 | Build | Blacksmith |
| 12:23 | Build | Blacksmith |
| 12:24 | Queue | Spearman |
| 12:27 | Build | Farm |
| 12:28 | Queue | Villager (Male) |
| 12:37 | Queue | Spearman |
| 12:40 | Build | House |
| 12:41 | Build | Palisade Wall |
| 12:44 | Build | Palisade Wall |
| 12:45 | Build | Palisade Wall |
| 12:48 | Build | Palisade Wall |
| 12:52 | Queue | Villager (Male) |
| 13:00 | Build | Farm |
| 13:05 | Queue | Archer |
| 13:09 | Queue | Spearman |
| 13:12 | Build | Palisade Wall |
| 13:15 | Queue | Villager (Male) |
| 13:31 | Build | Farm |
| 13:42 | Queue | Villager (Male) |
| 13:45 | Build | Farm |
| 13:55 | Build | Farm |
| 14:01 | Research | Fletching |
| 14:29 | Queue | Villager (Male) |
| 14:37 | Queue | Villager (Male) |
| 14:48 | Queue | Villager (Male) |
| 14:49 | Queue | Archer |
| 14:50 | Build | Farm |
| 14:51 | Build | Farm |
| 14:56 | Build | House |
| 14:56 | Build | House |
| 15:02 | Queue | Villager (Male) |
| 15:09 | Queue | Archer |
| 15:16 | Build | Farm |
| 15:17 | Build | Farm |
| 15:40 | Build | Farm |
| 15:41 | Queue | Villager (Male) |
| 15:49 | Build | Palisade Wall |
| 15:50 | Build | Palisade Wall |
| 15:59 | Build | Palisade Wall |
| 16:01 | Queue | Archer |
| 16:26 | Queue | Archer |
| 16:28 | Queue | Villager (Male) |
| 16:32 | Build | Farm |
| 16:33 | Build | Farm |
| 16:50 | Build | House |
| 16:52 | Build | Palisade Wall |
| 17:20 | Queue | Villager (Male) |
| 17:43 | Queue | Villager (Male) |
| 18:17 | Research | Castle Age |
| 18:26 | Build | Archery Range |
| 18:37 | Build | Archery Range |
| 18:56 | Build | Palisade Wall |
| 18:58 | Research | Gold Mining |
| 19:05 | Build | Farm |
| 19:06 | Research | Double-Bit Axe |
| 19:06 | Research | Double-Bit Axe |
| 19:08 | Build | Farm |
| 19:12 | Queue | Archer |
| 19:16 | Research | Scale Mail Armor |
| 19:35 | Queue | Villager (Male) |
| 19:48 | Queue | Archer |
| 19:49 | Queue | Archer |
| 19:53 | Build | Farm |
| 19:53 | Build | Farm |
| 19:56 | Queue | Villager (Male) |
| 20:29 | Build | House |
| 20:30 | Build | House |
| 20:31 | Build | House |
| 20:39 | Queue | Archer |
| 20:57 | Age | Castle Age |
| 20:57 | Research | Bodkin Arrow |
| 20:58 | Research | Crossbowman (upgrade) |
| 21:03 | Queue | Unit 1974 |
| 21:27 | Queue | Villager (Male) |
| 21:42 | Queue | Unit 1974 |
| 21:43 | Queue | Unit 1974 |
| 21:45 | Queue | Villager (Male) |
| 21:54 | Queue | Villager (Male) |
| 21:57 | Build | Town Center |
| 22:30 | Queue | Unit 1974 |
| 22:30 | Queue | Unit 1974 |
| 22:32 | Queue | Archer |
| 22:50 | Queue | Archer |
| 22:50 | Queue | Archer |
| 22:58 | Queue | Villager (Male) |
| 23:10 | Queue | Unit 1974 |
| 23:13 | Research | Forging |
| 23:21 | Build | Town Center |
| 23:41 | Queue | Archer |
| 23:41 | Queue | Archer |
| 23:49 | Queue | Villager (Male) |
| 23:49 | Queue | Villager (Male) |
| 24:09 | Research | Pikeman (upgrade) |
| 24:17 | Queue | Villager (Male) |
Build order — nC_Future
First 150 of 203 actions detected
| 0:00 | Queue | Villager (Male) |
| 0:00 | Queue | Villager (Male) |
| 0:00 | Queue | Villager (Male) |
| 0:02 | Build | House |
| 0:03 | Build | House |
| 0:22 | Queue | Villager (Male) |
| 1:28 | Queue | Villager (Male) |
| 1:50 | Queue | Villager (Male) |
| 2:10 | Build | Lumber Camp |
| 2:18 | Queue | Villager (Male) |
| 2:49 | Queue | Villager (Male) |
| 3:00 | Build | House |
| 3:11 | Queue | Villager (Male) |
| 3:23 | Queue | Villager (Male) |
| 3:51 | Research | Double-Bit Axe |
| 3:53 | Queue | Villager (Male) |
| 4:13 | Queue | Villager (Male) |
| 4:43 | Queue | Villager (Male) |
| 5:04 | Build | Mill |
| 5:11 | Queue | Villager (Male) |
| 5:20 | Queue | Villager (Male) |
| 5:39 | Queue | Villager (Male) |
| 6:01 | Build | House |
| 6:23 | Build | Barracks |
| 6:34 | Research | Loom |
| 6:41 | Build | House |
| 7:08 | Research | Feudal Age |
| 7:12 | Build | House |
| 7:13 | Build | Palisade Wall |
| 8:03 | Build | Palisade Wall |
| 8:27 | Build | Farm |
| 8:38 | Build | Palisade Wall |
| 8:40 | Build | Palisade Wall |
| 8:47 | Build | Palisade Wall |
| 8:48 | Build | Palisade Wall |
| 8:49 | Build | Palisade Wall |
| 9:18 | Age | Feudal Age |
| 9:20 | Build | Stable |
| 9:23 | Queue | Villager (Male) |
| 9:27 | Queue | Villager (Male) |
| 9:32 | Build | Palisade Wall |
| 9:40 | Queue | Villager (Male) |
| 9:52 | Build | Archery Range |
| 10:00 | Queue | Scout Cavalry |
| 10:01 | Queue | Villager (Male) |
| 10:05 | Build | House |
| 10:06 | Build | House |
| 10:23 | Queue | Scout Cavalry |
| 10:28 | Build | Farm |
| 10:32 | Build | Farm |
| 10:36 | Queue | Skirmisher |
| 10:51 | Build | Farm |
| 10:55 | Queue | Scout Cavalry |
| 11:03 | Queue | Archer |
| 11:09 | Build | Farm |
| 11:20 | Queue | Villager (Male) |
| 11:28 | Queue | Skirmisher |
| 11:43 | Queue | Skirmisher |
| 11:48 | Queue | Villager (Male) |
| 12:01 | Build | Farm |
| 12:07 | Queue | Skirmisher |
| 12:13 | Queue | Villager (Male) |
| 12:23 | Queue | Villager (Male) |
| 12:25 | Build | Blacksmith |
| 12:32 | Queue | Skirmisher |
| 12:49 | Queue | Villager (Male) |
| 13:01 | Build | Mining Camp |
| 13:12 | Queue | Skirmisher |
| 13:17 | Queue | Villager (Male) |
| 13:25 | Build | Farm |
| 13:34 | Build | House |
| 13:39 | Queue | Skirmisher |
| 13:50 | Queue | Skirmisher |
| 13:53 | Research | Fletching |
| 13:55 | Queue | Skirmisher |
| 14:06 | Build | House |
| 14:11 | Queue | Villager (Male) |
| 14:33 | Queue | Skirmisher |
| 14:42 | Queue | Skirmisher |
| 14:43 | Queue | Villager (Male) |
| 15:00 | Queue | Villager (Male) |
| 15:03 | Build | Palisade Wall |
| 15:03 | Queue | Archer |
| 15:03 | Queue | Archer |
| 15:05 | Queue | Villager (Male) |
| 15:09 | Build | Lumber Camp |
| 15:14 | Build | Lumber Camp |
| 15:18 | Queue | Villager (Male) |
| 15:45 | Queue | Villager (Male) |
| 16:00 | Queue | Villager (Male) |
| 16:09 | Queue | Villager (Male) |
| 16:13 | Build | Farm |
| 16:15 | Build | Farm |
| 16:17 | Build | Farm |
| 16:25 | Queue | Archer |
| 16:26 | Queue | Villager (Male) |
| 16:34 | Build | House |
| 16:35 | Build | House |
| 16:36 | Queue | Villager (Male) |
| 16:57 | Queue | Villager (Male) |
| 17:00 | Build | Farm |
| 17:02 | Build | Farm |
| 17:04 | Queue | Villager (Male) |
| 17:05 | Queue | Archer |
| 17:16 | Queue | Skirmisher |
| 17:16 | Queue | Skirmisher |
| 17:19 | Queue | Villager (Male) |
| 17:22 | Build | Farm |
| 17:43 | Research | Bow Saw |
| 17:43 | Queue | Villager (Male) |
| 18:03 | Build | Farm |
| 18:06 | Build | Farm |
| 18:24 | Build | Farm |
| 18:29 | Queue | Villager (Male) |
| 18:36 | Build | House |
| 18:37 | Build | House |
| 18:44 | Build | Farm |
| 18:46 | Build | Palisade Wall |
| 18:49 | Build | Palisade Gate |
| 18:50 | Build | Palisade Wall |
| 18:54 | Queue | Villager (Male) |
| 19:00 | Queue | Archer |
| 19:06 | Build | House |
| 19:22 | Build | Farm |
| 19:24 | Build | Farm |
| 19:27 | Queue | Archer |
| 19:27 | Queue | Archer |
| 19:37 | Build | Farm |
| 19:47 | Build | Farm |
| 20:00 | Build | Farm |
| 20:37 | Research | Castle Age |
| 20:40 | Build | Stable |
| 21:13 | Research | Padded Archer Armor |
| 21:22 | Build | House |
| 21:23 | Build | House |
| 21:26 | Build | House |
| 21:43 | Build | Lumber Camp |
| 21:54 | Build | House |
| 21:58 | Build | House |
| 22:02 | Build | House |
| 22:16 | Research | Scale Barding Armor |
| 23:17 | Age | Castle Age |
| 23:21 | Research | Cavalier (upgrade) |
| 23:22 | Research | Husbandry |
| 23:22 | Queue | Knight |
| 23:22 | Queue | Knight |
| 23:22 | Queue | Knight |
| 23:23 | Queue | Villager (Male) |
| 23:23 | Queue | Villager (Male) |
| 23:35 | Build | Stable |
Match timeline
| 5:04 | Pirate · first_building Barracks |
| 6:23 | nC_Future · first_building Barracks |
| 7:13 | nC_Future · wall_segment Palisade Wall x1 |
| 8:03 | nC_Future · wall_segment Palisade Wall x13 |
| 8:38 | nC_Future · wall_segment Palisade Wall x1 |
| 8:40 | nC_Future · wall_segment Palisade Wall x1 |
| 8:47 | nC_Future · wall_segment Palisade Wall x2 |
| 8:48 | nC_Future · wall_segment Palisade Wall x1 |
| 8:49 | nC_Future · wall_segment Palisade Wall x1 |
| 9:15 | Pirate · age_up feudal |
| 9:18 | nC_Future · age_up feudal |
| 9:19 | Pirate · first_building Archery Range |
| 9:20 | nC_Future · first_building Stable |
| 9:32 | nC_Future · wall_segment Palisade Wall x1 |
| 9:52 | nC_Future · first_building Archery Range |
| 12:41 | Pirate · wall_segment Palisade Wall x7 |
| 12:44 | Pirate · wall_segment Palisade Wall x1 |
| 12:45 | Pirate · wall_segment Palisade Wall x1 |
| 12:48 | Pirate · wall_segment Palisade Wall x1 |
| 13:12 | Pirate · wall_segment Palisade Wall x1 |
| 15:03 | nC_Future · wall_segment Palisade Wall x1 |
| 15:49 | Pirate · wall_segment Palisade Wall x2 |
| 15:50 | Pirate · wall_segment Palisade Wall x1 |
| 15:59 | Pirate · wall_segment Palisade Wall x12 |
| 16:52 | Pirate · wall_segment Palisade Wall x17 |
| 18:46 | nC_Future · wall_segment Palisade Wall x5 |
| 18:50 | nC_Future · wall_segment Palisade Wall x1 |
| 18:56 | Pirate · wall_segment Palisade Wall x1 |
| 20:57 | Pirate · age_up castle |
| 23:17 | nC_Future · age_up castle |
| 24:18 | Pirate · first_building Monastery |
| 25:37 | Pirate · first_building Siege Workshop |
| 27:43 | nC_Future · first_building Monastery |
| 28:34 | nC_Future · resign |
[ AI ANALYSIS · 1 CREDIT ]
What really happened in this match?
Wolo.gg analyzes every decision: build order, eco, micro, common mistakes by bracket. Personalized analysis on WhatsApp or Discord in 30 seconds.
Civ guide
Wu
Perfil
Jugador #1314256